Cogmind - Beta 9.3 *** ADVENTURER MODE // 2019.12.18 @ 19:22:53 // Winter2019/RPGLIKE Player: MrSkiz Result: Destroyed by Y-45 Defender with Beam Rifle Performance ------------- Evolutions (1) 500 Regions Visited (2) 400 Robots Destroyed (10) 50 Value Destroyed (390) 390 Prototype IDs (0) 0 Alien Tech Used (0) 0 Bonus (0) 0 TOTAL SCORE: 1340 Bonus ------- None Cogmind --------- Core Integrity 0/600 Matter 296/300 Energy 160/160 System Corruption 0% Temperature Cool (9) Movement Walking (120) Location -9/Materials Parts ------- > --- POWER (1) -------- Light Nuclear Core > --- PROPULSION (1) --- Carbon-fiber Leg > --- UTILITY (1) ------ Improved Heat Sink > --- WEAPON (1) ------- Light Assault Rifle > --- INVENTORY (0) ---- (None) Peak State ------------ > --- POWER ------------ Light Nuclear Core > --- PROPULSION ------- Carbon-fiber Leg > --- UTILITY ---------- Improved Heat Sink > --- WEAPON ----------- Light Assault Rifle > --- INVENTORY -------- (None) [Rating: 10] Favorites ----------- Power Light Ion Engine Engine Light Ion Engine Power Core Light Nuclear Core Propulsion Aluminum Leg Leg Aluminum Leg Utility Improved Heat Sink Device Improved Heat Sink Weapon Light Assault Rifle Ballistic Gun Light Assault Rifle Build | -11 -10 -9 ------- Run | Scr Mat Mat Slots Evolved . | . . . Power . | . . . Propulsion . | . . . Utility . | . . . Weapon . | . . . Parts Attached 6 | 3 2 1 Power 2 | 1 1 . Engine 1 | 1 . . Core 1 | . 1 . Reactor . | . . . Propulsion 2 | 1 . 1 Treads . | . . . Leg 2 | 1 . 1 Wheel . | . . . Hover . | . . . Flight . | . . . Utility 1 | . 1 . Device 1 | . 1 . Storage . | . . . Processor . | . . . Hackware . | . . . Protection . | . . . Artifact . | . . . Weapon 1 | 1 . . Energy Gun . | . . . Energy Cannon . | . . . Ballistic Gun 1 | 1 . . Ballistic Cannon . | . . . Launcher . | . . . Special Weapon . | . . . Impact Weapon . | . . . Slashing Weapon . | . . . Piercing Weapon . | . . . Special Melee Weapon . | . . . Unidentified Prototypes . | . . . Parts Lost . | . . . Power . | . . . Propulsion . | . . . Utility . | . . . Weapon . | . . . Highest Loss Streak . | . . . Average Slot Usage (%) 97 | . 96 100 Engine 12 | . 16 . Core 12 | . 8 25 Leg 25 | . 25 25 Device 22 | . 21 25 Ballistic Gun 25 | . 25 25 Naked Turns . | . . . Heaviest Build 7 | 4 7 7 Greatest Support 15 | 10 10 15 Greatest Overweight (x) 1 | 1 . . Average Overweight (x) . | . . . Largest Inventory Capacity . | . . . Average Capacity . | . . . Most Carried . | . . . Average Carried . | . . . Final Capacity . | . . . Final Carried . | . . . Class Distribution -------------------- 100% | Mutant Dominant Class ---------------- Mutant | -10/Materials Mutant | -9/Materials Resources | -11 -10 -9 ----------- Run | Scr Mat Mat Matter Collected 338 | 230 60 48 Remotely . | . . . Salvage Created 280 | . 205 75 Parts 21 | . 20 1 Haulers Intercepted . | . . . Recyclers Shooed . | . . . Parts Field Recycled . | . . . Retrieved Matter . | . . . Parts Self-Destructed . | . . . Prevented . | . . . Kills | -11 -10 -9 ------- Run | Scr Mat Mat Combat Hostiles Destroyed 10 | . 9 1 Guns 10 | . 9 1 Classes Destroyed 2 | . 1 1 Grunt 9 | . 9 . Sentry 1 | . . 1 Best Kill Streak 3 | . 3 1 Combat Bots Only 3 | . 3 1 Max Kills in Single Turn 1 | . 1 1 Gunslinging . | . . . Exploded . | . . . Melee . | . . . Uniques/NPCs Destroyed . | . . . Combat | -11 -10 -9 -------- Run | Scr Mat Mat Damage Taken 716 | . 563 153 Core 607 | . 474 133 Absorbed by Shields . | . . . Redirected to Core 340 | . 285 55 Core Remaining (%) 60 | 100 21 . Volleys Fired 82 | . 68 14 Largest 1 | . 1 1 Hottest 20 | . 20 20 Shots Fired 82 | . 68 14 Gun 82 | . 68 14 Cannon . | . . . Launcher . | . . . Special . | . . . Kinetic 82 | . 68 14 Thermal . | . . . Explosive . | . . . Electromagnetic . | . . . Robot Hit Streak 30 | . 30 13 Robot Miss Streak 3 | . 3 1 Penetration Max . | . . . Secondary Targets . | . . . Shots Hit Robots 74 | . 61 13 Core Hits 32 | . 27 5 Critical Hits . | . . . Critical Kills . | . . . Critical Parts Destroyed . | . . . Melee Attacks . | . . . Impact . | . . . Slashing . | . . . Piercing . | . . . Sneak Attacks . | . . . Combat Hostiles . | . . . Follow-up Attacks . | . . . Damage Inflicted 590 | . 484 106 Guns 590 | . 484 106 Cannons . | . . . Explosions . | . . . Melee . | . . . Ramming . | . . . Kinetic 590 | . 484 106 Thermal . | . . . Explosive . | . . . Electromagnetic . | . . . Impact . | . . . Slashing . | . . . Piercing . | . . . Highest Corruption . | . . . Average Corruption . | . . . Corruption Purged . | . . . Overload Shots . | . . . Overflow Damage . | . . . Projectiles . | . . . Explosions . | . . . Melee . | . . . Knockbacks . | . . . Impact . | . . . Kinetic . | . . . Secondary . | . . . Self-Inflicted Damage . | . . . Shots . | . . . Rammed . | . . . Targets Rammed . | . . . Kicked . | . . . Crushed . | . . . Highest Temperature 15 | . 15 . Average Temperature 7 | . 7 . Received Heat Transfer 486 | . 414 72 Siege Activations . | . . . Robots Corrupted . | . . . Combat Hostiles . | . . . Parts Fried . | . . . Impact Corruptions . | . . . Robots Melted . | . . . Combat Hostiles . | . . . Parts Melted . | . . . Heat Transferred . | . . . Parts Sabotaged . | . . . Parts Stolen . | . . . Parts Stripped . | . . . Power Chain Reactions . | . . . Missiles Intercepted . | . . . Alert | -11 -10 -9 ------- Run | Scr Mat Mat Peak Influence 250 | . 250 88 Average Influence 82 | . 95 58 Maximum Alert Level 1 | . 1 . Low Security (%) 91 | 100 88 100 Level 1 8 | . 11 . Level 2 . | . . . Level 3 . | . . . Level 4 . | . . . Level 5 . | . . . High Security . | . . . Max Security . | . . . Squads Dispatched 1 | . 1 . Investigation 1 | . 1 . Extermination . | . . . Reinforcement . | . . . Assault . | . . . Garrison . | . . . Intercept . | . . . Construction Impeded . | . . . Haulers Reinforced . | . . . Stealth | -11 -10 -9 --------- Run | Scr Mat Mat Distress Signals . | . . . Communications Jammed . | . . . Distress Signals . | . . . Times Spotted 21 | . 19 2 Peak Tracking Total 4 | . 4 2 Tactical Retreats 3 | . 3 . Traps | -11 -10 -9 ------- Run | Scr Mat Mat Traps Triggered 1 | . 1 . Indirectly . | . . . Trap Hack Attempts . | . . . Triggered . | . . . Disarmed . | . . . Reprogrammed . | . . . Reused . | . . . Traps Extracted . | . . . Installed . | . . . Triggered . | . . . Machines | -11 -10 -9 ---------- Run | Scr Mat Mat Machines Disabled . | . . . Max in Single Turn . | . . . Machines Sabotaged . | . . . Garrisons Compromised . | . . . Overloaded Fab Kills . | . . . Fab Network Shutdowns . | . . . Hacking | -11 -10 -9 --------- Run | Scr Mat Mat Machines Accessed . | . . . Terminals . | . . . Fabricators . | . . . Repair Stations . | . . . Recycling Units . | . . . Scanalyzers . | . . . Garrison Access . | . . . Total Hacks . | . . . Successful . | . . . Failed . | . . . Catastrophic . | . . . Database Lockouts . | . . . Manual . | . . . Terminals . | . . . Fabricators . | . . . Repair Stations . | . . . Recycling Units . | . . . Scanalyzers . | . . . Garrison Access . | . . . Terminal Hacks . | . . . Fabricator Hacks . | . . . Repair Station Hacks . | . . . Recycling Unit Hacks . | . . . Scanalyzer . | . . . Garrison Access Hacks . | . . . Unauthorized Hacks . | . . . Terminals . | . . . Fabricators . | . . . Repair Stations . | . . . Recycling Units . | . . . Scanalyzers . | . . . Garrison Access . | . . . Data Cores Recovered . | . . . Used . | . . . Hacking Detections . | . . . Full Trace Events . | . . . Feedback Events . | . . . Feedback Blocked . | . . . Robot Schematics Acquired . | . . . Robots Built . | . . . Matter . | . . . Time . | . . . Total Robot Build Rating . | . . . Part Schematics Acquired . | . . . Parts Built . | . . . Matter . | . . . Time . | . . . Total Part Build Rating . | . . . Parts Repaired . | . . . Time . | . . . Parts Recycled . | . . . Recycled Matter . | . . . Retrieved Matter . | . . . Retrieved Components . | . . . Parts Scanalyzed . | . . . Part Schematics Acquired . | . . . Parts Damaged . | . . . Bothacking | -11 -10 -9 ------------ Run | Scr Mat Mat Used RIF Installer . | . . . Robots Hacked . | . . . Non-combat . | . . . Combat . | . . . Robot Hacks Applied . | . . . Relay Couplers Released . | . . . Robots Rewired . | . . . Allies Hacked . | . . . Hacks Repelled . | . . . Allies | -11 -10 -9 -------- Run | Scr Mat Mat Total Allies . | . . . Largest Group . | . . . Highest-Rated Group . | . . . Highest-Rated Ally . | . . . Total Orders . | . . . Ally Attacks . | . . . Total Damage . | . . . Kills . | . . . Allies Corrupted . | . . . Allies Melted . | . . . Intel | -11 -10 -9 ------- Run | Scr Mat Mat Robot Analysis Total . | . . . Derelict Logs Recovered . | . . . Drone Launches . | . . . Drone Recoveries . | . . . Exploration | -11 -10 -9 ------------- Run | Scr Mat Mat Turns Passed 987 | 58 723 206 Spaces Moved 614 | 49 437 128 Core 8 | 8 . . Treads . | . . . Legs 606 | 41 437 128 Wheels . | . . . Hover . | . . . Flight . | . . . Fastest Speed 50 | 50 120 120 Average Speed 119 | 110 120 120 Slowest Speed 120 | 120 120 120 Overloaded Moves . | . . . Propulsion Burnouts . | . . . Robots Hopped . | . . . Cave-ins Triggered . | . . . Exploration Rate (%) 33 | 3 84 14 Regions Visited 2 Branch Regions . Pre-discovered Areas . | . . . Known Exits Taken . | . . . Unknown Exits Taken 2 | 1 1 . Scrap Searched . | . . . Spaces Dug . | . . . Terrain Destroyed . | . . . Melee . | . . . Projectile . | . . . AOE . | . . . Actions | -11 -10 -9 --------- Run | Scr Mat Mat Total 800 | 51 580 169 Wait 98 | . 73 25 Move 612 | 48 436 128 Hop . | . . . Pick Up . | . . . Fast Attach 6 | 3 2 1 Attach . | . . . Detach . | . . . Swap . | . . . Drop 2 | . 1 1 Fire 82 | . 68 14 Melee . | . . . Ram . | . . . Kick . | . . . Crush . | . . . Escape Stasis . | . . . Rewire . | . . . Trap . | . . . Miscellaneous . | . . . Route ------- -11/Scrapyard -10/Materials (discovered 3 exits: [*Mat x2] / [*Min]) -9/Materials History --------- Turn | Location | Event 3 | -11/Scrapyard | Discovered new exit (range 15) 59 | -11/Scrapyard | Entered Materials 312 | -10/Materials | Build established: Mutant 327 | -10/Materials | Discovered new exit (range 13) 363 | -10/Materials | Core integrity fell below 50% 419 | -10/Materials | Discovered new exit (range 7) 722 | -10/Materials | Discovered new exit (range 15) 782 | -10/Materials | Entered another Materials area 783 | -9/Materials | Core integrity fell below 50% 784 | -9/Materials | Reached level 2 784 | -9/Materials | Reached level 3 854 | -9/Materials | Core integrity fell below 20% 870 | -9/Materials | Reached level 4 988 | -9/Materials | Destroyed by Y-45 Defender with Beam Rifle Last Messages --------------- Dropped Lgt. Ion Engine. Acquired Lgt. Nuclear Core. EXIT=FOUND LOCATION=UNKNOWN GOAL=ESCAPE Reached level 2. Reached level 3. Acquired 28 matter. Dropped Aluminum Leg. Acquired Carbon-fiber Leg. Reached level 4. Y-45 Defender destroyed. Acquired 20 matter. R-06 Scavenger collects Lgt. Treads. U-05 Engineer lays Concrete. U-05 Engineer builds a Wall. T-07 Excavator is excavating. K-01 Serf collects debris. T-07 Excavator is excavating. K-01 Serf collects debris. Map ----- +----------------------------------------------------+ | ?????????????????????????????????+ ????????????? | | ?????????????????????????????????# ????????????? | | ?????????????????????????????????# ????????????? | | ?????????????????????????????????# #???????????? | | ?????????????????????????????????# #???????????? | | ?????????????????????????????????# #???????????? | | ???????????????????? ??????????# #???????????? | | ??????????????????? ??????????# #???????????? | | ??????????????????? ??????????# #???????????? | | ???????????????????# ??????????# #???????????? | | ???????????????????# ??????????# #???????????? | | ??????????????????? ??????????# #???????????? | | ???????????????????# ### ####### #???######### | | ???????????????????# ##### # | | ???????????????????# T | | ???????????????????# ##### # | | ???????????????????# ############ ####### ##???? | | ???????????????????# #???# T # # """ # #????? | | ???????????????????# #???# # # "Y" + #????? | | ???????????????????# #???# """ # # # #####? | | ???????????????????# #???# """ / # # ==#? | | ???????????????????# #???# """ # #!!! # =#? | | ???????????????????# #???# # #!!! # !!#? | | ???????????????????## #???######## #!!!= # !!#? | | ????????????????????# ############ ####%## !!#? | | ????????????????????# Y @ #??#### !!#? | | ????????????????????# #############+####??# #####? | | ????????????????????# ????????# #??# #????? | | ????????????????????# ????????# #??# #????? | | ????????????????????# ????????# #??# #????? | | ????????????????????# ????????# ""#??# #????? | | ????????????????????# ????????# [!/ ""#??# #????? | | ????????????????????#+????????# [!/ T"#??# #????? | | ??????????????????????????????# !/ ""#??# #????? | | ??????????????????????????????# ""#??# #????? | | ??????????????????????????????# #### ##???? | | ?????????????????????????????########+## #???? | | ???????????????????????????? #???? | | ???????????????????????????? #???? | | ???????????????????????????? #???? | | ?????????????????????????????########### #???? | | ???????????????????????????????########## ##???? | | ???????????????????????????????# # #????? | | ???????????????????????????????# + #????? | | ???????????????????????????????# # #????? | | ???????????????????????????????# !! # #????? | | ???????????????????????????????# ! # #????? | | ???????????????????????????????# # #????? | | ???????????????????????????????# # #????? | | ???????????????????????????????# # #????? | +----------------------------------------------------+ Best States ------------- Heat Dissipation 39 Energy Generation 14 Energy Capacity 160 Matter Stores 300 Matter Capacity 300 Sight Range 16 Terrain Scan Density 10 Resistance: KI 20 Resistance: TH 20 Resistance: EX 20 Resistance: EM 20 Resistance: I 20 Resistance: S 20 Resistance: P 20 Evasion (%) 40 Offensive Hacking 10 Item Schematics ----------------- None Robot Schematics ------------------ None Fabricated ------------ Nothing Alien Tech Used ----------------- None Achievements -------------- None Challenges ------------ None RPGLIKE | -11 -10 -9 --------- Run | Scr Mat Mat Levels Raised 3 | . . 3 XP Earned 8586 | 4000 1100 3486 Upgrades . | . . . Protomatter Created 267 | . 267 . Protomatter Decayed 267 | . 267 . Game ------ Seed DisposableExplosiveMembrane Manual? 0 Play Time 00:18:26 Cumulative 7.5 hours Start 2019.12.18 @ 15:52:43 End 2019.12.18 @ 19:22:53 Sessions 1 Manual Loads 0 Difficulty Adventurer Special Mode Winter2019/RPGLIKE Game No. 12 Rogue 9 Adventurer 3 Explorer 0 Win Type - Total 0 Types 0/0/0/0/0/0/0 Lore% 13 Gallery% 14 Achievement% 10 Wizard Run 0 Options --------- ASCII 0 Keyboard 0 Movement Mouse Keybinds 0 Fullscreen 0 Font 18/SmallcapsGlow Map View 76x50 Tactical HUD 0 Map Filters NONE Filters NONE Steam 1 RUN: a32ed23e-750a-45ac-8264-2787ab3a7c89